 Dungeon Crawl Stone Soup version 0.24.0-28-g17ded55e90 (webtiles) character file.

Game seed: 3163340703191578844, levelgen mode: deterministic

191 Delamore the Chopper (level 5, -4/45 HPs)
             Began as a Hill Orc Fighter on Nov 13, 2019.
             Killed by nerve-wracking pain
             ... invoked by Grinder
              (8 damage)
             ... on level 3 of the Dungeon.
             The game lasted 00:02:54 (2844 turns).

Delamore the Chopper (Hill Orc Fighter)             Turns: 2844, Time: 00:02:54

Health: -4/45      AC: 12    Str: 20    XL:     5   Next: 70%
Magic:  5/5        EV:  3    Int:  8    God:
Gold:   124        SH:  9    Dex: 10    Spells: 4/4 levels left

rFire    . . .     SeeInvis .   a - +0 war axe
rCold    . . .     Gourm    .   c - +0 shield
rNeg     . . .     Faith    .   r - +0 plate armour
rPois    .         Spirit   .   (no helmet)
rElec    .         Reflect  .   o - +0 cloak (curse)
rCorr    +         Harm     .   (no gloves)
MR       .....                  (no boots)
Stlth    ..........             (no amulet)
HPRegen  0.15/turn              e - ring of resist corrosion
MPRegen  0.09/turn              (no ring)

@: no status effects
A: no striking features
a: no special abilities


You were on level 3 of the Dungeon.
You were hungry.

You visited 1 branch of the dungeon, and saw 3 of its levels.

You collected 124 gold pieces.

Inventory:

Hand Weapons
 a - a +0 war axe (weapon)
Missiles
 m - 11 poisoned darts (quivered)
Armour
 b - a +0 scale mail
 c - a +0 shield (worn)
 o - a cursed +0 cloak (worn)
 r - a +0 plate armour (worn)
Jewellery
 e - a ring of resist corrosion (left hand)
Scrolls
 g - a scroll of enchant weapon {unknown}
 j - 5 scrolls of identify {unknown}
 k - a scroll of teleportation {unknown}
 n - 2 scrolls of remove curse {unknown}
Potions
 d - a potion of might
 h - 2 potions of curing {unknown}
 i - a potion of flight {unknown}
 l - a potion of magic {unknown}
 p - a potion of haste {unknown}
Comestibles
 f - 4 rations


   Skills:
 - Level 3.6 Fighting
 + Level 7.4 Axes
 + Level 3.5 Armour
 - Level 3.2 Shields


You had 4 spell levels left.
You didn't know any spells.
Your spell library was empty.

Dungeon Overview and Level Annotations

Branches:
Dungeon (3/15)

Altars:
Cheibriados
Elyvilon
Sif Muna
Uskayaw

Annotations:
D:3 Grinder


Message History

Grinder gestures at you.
You barely resist. Grinder hits you.
You writhe in agony.
Grinder gestures at you.
You shrug off the repeated paralysis!
Grinder hits you. x2
Grinder gestures at you. Pain shoots through your body!
* * * LOW HITPOINT WARNING * * *
You can move again.
You completely miss Grinder.
Grinder is severely wounded.
Grinder hits you but does no damage.
Unknown command.
You aren't carrying any items that you can evoke.
Your plate armour prevents you from hitting Grinder.
Grinder is severely wounded.
Grinder gestures at you. Pain shoots through your body!
You die...

.#.#.#.##.#
#.#
.#.#.#.##.#
#.#
.....#.##.#
#.# ...#.#
#.# #.#
.#####.#
#.#
.......#
#.#
..######
#.# ..##
#.# #†.#
#@# #..#
#5# ##.##
..# #..#
#### #..#
#..# #..#
##.## #..#


You could see Grinder.

Vanquished Creatures
  A bullfrog skeleton (D:3)
  Natasha (D:3)
  A worker ant (D:3)
  5 adders
  A gnoll (D:1)
  2 worms (D:2)
  3 dart slugs
  2 leopard geckos
  3 giant cockroaches
  5 hobgoblins
  A quokka (D:2)
  A ball python (D:2)
  5 bats
  4 frilled lizards
  6 goblins
  11 kobolds
  2 rats (D:1)
54 creatures vanquished.

Notes
Turn   | Place    | Note
-------+----------+-------------------------------------------
     0 | D:1      | Delamore the Hill Orc Fighter began the quest for the Orb.
     0 | D:1      | Reached XP level 1. HP: 19/19 MP: 1/1
    54 | D:1      | Reached skill level 3 in Axes
   193 | D:1      | Reached XP level 2. HP: 22/26 MP: 2/2
   332 | D:1      | Reached skill level 4 in Axes
   510 | D:1      | Reached XP level 3. HP: 31/31 MP: 3/3
   938 | D:1      | Reached skill level 5 in Axes
  1223 | D:2      | Reached XP level 4. HP: 18/39 MP: 4/4
  1781 | D:2      | Reached skill level 6 in Axes
  1949 | D:2      | Found a shimmering blue altar of Sif Muna.
  2030 | D:2      | Found a hide-covered altar of Uskayaw.
  2040 | D:2      | Found a white marble altar of Elyvilon.
  2116 | D:2      | Found a snail-covered altar of Cheibriados.
  2369 | D:3      | Found a faded altar of an unknown god.
  2555 | D:3      | Noticed Natasha
  2563 | D:3      | Killed Natasha
  2563 | D:3      | Reached XP level 5. HP: 36/45 MP: 5/5
  2578 | D:3      | Reached skill level 7 in Axes
  2818 | D:3      | Noticed Grinder
  2837 | D:3      | Paralysed by Grinder for 6 turns
  2844 | D:3      | Killed from afar by Grinder

Levels and vault maps discovered:
D:1:      dpeg_arrival_chambers_temple_mockup, layout_loops_corners,
          minmay_tromino_v4_b
D:2:      wander_river, layout_basic, kennysheep_slug_shrine, marbit_many_paths,
          amethyst_overflow_temple_binary, first_ration
D:3:      layout_basic, chequers_ecumenical_altar_simple_redux, uniq_natasha,
          uniq_grinder

Skill      XL: |  1  2  3  4  5 |
---------------+----------------+-----
Axes           | 3 4 5 6 7 |  7.4
Fighting       | |  3.6
Armour         | |  3.5
Shields        | |  3.2

Action                   |  1- 3 |  4- 6 || total
-------------------------+-------+-------++-------
Melee: War axe           |   101 |   123 ||   224
  Eat: Chunk             |     1 |     5 ||     6
Armor: Scale mail        |    59 |    39 ||    98
       Plate armour      |       |    17 ||    17
Dodge: Dodged            |    38 |    32 ||    70
Block: Shield            |    58 |    66 ||   124
